 Dungeon Crawl Stone Soup version 0.28-a0-43-g560ac104fe (webtiles) character file.

Game seed: 7399701133008404563

7466 robertstho the Grappler (level 10, -18/150 HPs)
             Began as a Troll Berserker on July 28, 2021.
             Was a High Priest of Trog.
             Killed from afar by Fannar (33 damage)
             ... with a bolt of cold
             ... on level 10 of the Dungeon.
             The game lasted 00:12:43 (7174 turns).

robertstho the Grappler (Troll Berserker)           Turns: 7174, Time: 00:12:44

Health: -18/150    AC: 11    Str: 28    XL:     10   Next: 94%
Magic:  9/9        EV: 12    Int:  5    God:    Trog [*****.]
Gold:   272        SH:  0    Dex: 15    Spells: 9/9 levels left

rFire   + . .      SeeInvis .   C - +2 morningstar of Severance {elec, rElec}
rCold   x . .      Faith    .   (no shield)
rNeg    . . .      Spirit   .   z - +0 acid dragon scales
rPois   .          Reflect  .   (helmet restricted)
rElec   +          Harm     .   f - +1 cloak
rCorr   +          Rampage  .   (gloves unavailable)
Will    .....                   (boots unavailable)
Stlth   ..........              o - amulet of magic regeneration
HPRegen 1.35/turn               e - ring of fire
MPRegen 0.36/turn               g - +6 ring of dexterity

@: berserking, very quick
A: large, unfitting armour, claws 3, regeneration 1, shaggy fur 1, tough skin 1
a: Renounce Religion, Berserk, Trog's Hand, Brothers in Arms


You were on level 10 of the Dungeon.
You worshipped Trog.
Trog was extremely pleased with you.
You visited 1 branch of the dungeon, and saw 10 of its levels.

You collected 515 gold pieces.
You spent 243 gold pieces at shops.

Inventory:

Hand Weapons
 C - the +2 morningstar of Severance (weapon) {elec, rElec}
   (You bought it in a shop on level 8 of the Dungeon)

   It occasionally discharges a powerful burst of electricity upon striking a
   foe.
   rElec:     It insulates you from electricity.
Missiles
 w - 3 throwing nets (quivered)
Armour
 f - a +1 cloak (worn)
 z - +0 acid dragon scales (worn)
Jewellery
 e - a ring of fire (left claw)
 g - a +6 ring of dexterity (right claw)
 o - an amulet of magic regeneration (around neck)
Wands
 a - a wand of paralysis (7)
 r - a wand of iceblast (4)
 u - a wand of polymorph (9)
 B - a wand of charming (7)
Scrolls
 b - 2 scrolls of magic mapping
 j - a scroll of enchant weapon
 k - 2 scrolls of vulnerability
 l - a scroll of holy word
 m - a scroll of immolation
 p - a scroll of fog
 s - 3 scrolls of blinking
 x - a scroll of enchant armour
 y - a scroll of teleportation
Potions
 c - 5 potions of curing {unknown}
 d - 3 potions of lignification {unknown}
 h - 3 potions of degeneration {unknown}
 n - a potion of resistance {unknown}
 q - 2 potions of heal wounds {unknown}
 v - 2 potions of might {unknown}
 A - 2 potions of berserk rage {unknown}


   Skills:
 * Level 6.5 Fighting
 + Level 3.6 Maces & Flails
 * Level 6.0 Armour
 + Level 5.9 Dodging
 + Level 1.7 Stealth
 + Level 10.9 Unarmed Combat


You had 9 spell levels left.
You didn't know any spells.
Your spell library was empty.

Dungeon Overview and Level Annotations

Branches:
Dungeon (10/15)            Temple (0/1) D:5            Lair (0/6) D:10
    Orc: D:9-12

Altars:
Cheibriados
Elyvilon
Gozag
Kikubaaqudgha
Nemelex Xobeh
Okawaru
Qazlal
Ru
Uskayaw
Vehumet
Wu Jian
Zin

Shops:
D:2 :   D:6 =   D:8 (

Annotations:
D:10 Fannar


Innate Abilities, Weirdness & Mutations

You are too large for most types of armour.
You have claws for hands.
Your natural rate of healing is unusually fast.
You are covered in fur. (AC +1)
You have tough skin. (AC +1)


Message History

The eight-headed hydra bites you but does no damage.
The eight-headed hydra barely misses you.
You bludgeon the eight-headed hydra!!
Lightning courses through the eight-headed hydra!
You feel the power of Trog in you as your rage grows.
You kill the eight-headed hydra!
Trog accepts your kill.
Your Armour skill increases to level 6!
Found a scroll of magic mapping and 13 gold pieces.
Found a sacrificial altar of Ru and a hide-covered altar of Uskayaw.
Your acid dragon scales prevents you from hitting Fannar.
Fannar hits you with a +0 quarterstaff of freezing!
Fannar freezes you.
You hit Fannar.
Fannar is lightly wounded.
Fannar brushes some snowflakes from their robe.
Fannar casts a spell.
You impale Fannar!! Your claw misses Fannar.
Fannar is heavily wounded.
Fannar says, "Freeze!"
Fannar casts a spell.
Fannar drains the heat from the surrounding environment!
You feel a terrible chill!
* * * LOW HITPOINT WARNING * * *
You closely miss Fannar.
Fannar is moderately wounded.
The ice beast hits you.
* * * LOW HITPOINT WARNING * * *
The ice beast freezes you!
You feel a terrible chill!
* * * LOW HITPOINT WARNING * * *
Fannar hits you with a +0 quarterstaff of freezing.
* * * LOW HITPOINT WARNING * * *
Fannar freezes you.
* * * LOW HITPOINT WARNING * * *
You bludgeon Fannar!!
Fannar is severely wounded.
The ice beast barely misses you. Fannar casts a spell at you.
The bolt of cold hits you!!
You feel a terrible chill!
You die...

.. .# #....###### .#
#.........### .#
#............ .####
#............ .#.>#
#............ .#.##
#...........$ .#.#
######..........._
...####........Y@e.....8
......?.............#.._
.......................?
......#########.........
......# #.....####
#.....# #.##### #######
#.# #.#


You could see Fannar and an ice beast (summoned).

Vanquished Creatures
  A hydra (D:10)
  Joseph (D:10)
  A troll (D:8)
  A hornet (D:9)
  Sigmund (D:3)
  A wyvern (D:7)
  6 yaks (D:8)
  Grum (D:10)
  Eustachio (D:6)
  2 water moccasins
  3 acid dragons
  3 orc warriors
  2 sky beasts (D:6)
  A black bear (D:7)
  2 ice beasts
  2 necrophages
  3 ogres
  4 wolves
  3 phantoms
  4 centaurs
  A kobold brigand (D:8)
  4 bullfrogs
  A gnoll sergeant (D:8)
  4 scorpions
  2 wyvern zombies
  A water moccasin skeleton (D:5)
  A howler monkey (D:4)
  A bullfrog zombie (D:7)
  A centaur zombie (D:6)
  2 hounds
  A bullfrog skeleton (D:5)
  9 orc priests
  3 gnoll shamans
  2 iguanas (D:4)
  8 orc wizards
  Ijyb (D:5)
  A killer bee zombie (D:8)
  A hound skeleton (D:5)
  3 howler monkey zombies
  A howler monkey skeleton (D:5)
  5 adders
  20 gnolls
  2 white imps
  2 ufetubi
  An adder skeleton (D:4)
  A worm (D:4)
  2 dart slugs
  23 orcs
  8 endoplasms
  3 giant cockroaches
  7 goblins
  4 hobgoblins
  6 jackals
  9 kobolds
  3 quokkas
  8 ball pythons
  4 bats
  5 frilled lizards
  3 rats
207 creatures vanquished.

Vanquished Creatures (others)
  An orc wizard (D:7)
  An adder (D:5)
2 creatures vanquished.

Grand Total: 209 creatures vanquished

Notes
Turn   | Place    | Note
-------+----------+-------------------------------------------
     0 | D:1      | robertstho the Troll Berserker began the quest for the Orb.
     0 | D:1      | Reached XP level 1. HP: 22/22 MP: 0/0
   106 | D:1      | Found a faded altar of an unknown god.
   296 | D:1      | Reached XP level 2. HP: 29/29 MP: 1/1
  1146 | D:2      | Reached XP level 3. HP: 35/36 MP: 2/2
  1181 | D:2      | Found Mune's Book Shoppe.
  1438 | D:2      | Reached skill level 1 in Armour
  1902 | D:3      | Reached ** piety under Trog
  1903 | D:3      | Reached XP level 4. HP: 44/44 MP: 3/3
  2072 | D:3      | Noticed Sigmund
  2086 | D:3      | Killed Sigmund
  2087 | D:3      | Reached skill level 4 in Unarmed Combat
  2087 | D:3      | Reached XP level 5. HP: 19/53 MP: 4/4
  2089 | D:3      | Reached XP level 6. HP: 23/61 MP: 5/5
  2511 | D:4      | Reached skill level 5 in Unarmed Combat
  2760 | D:4      | Reached XP level 7. HP: 67/67 MP: 6/6
  3134 | D:5      | Entered Level 5 of the Dungeon
  3176 | D:5      | Reached skill level 6 in Unarmed Combat
  3460 | D:5      | Reached skill level 1 in Stealth
  3479 | D:4      | Reached *** piety under Trog
  3483 | D:4      | HP: 3/70 [gnoll (3)]
  3541 | D:5      | Reached XP level 8. HP: 76/78 MP: 7/7
  3573 | D:5      | Noticed Ijyb
  3711 | D:5      | Reached skill level 7 in Unarmed Combat
  3824 | D:5      | Killed Ijyb
  3931 | D:5      | Found a staircase to the Ecumenical Temple.
  4107 | D:5      | You fall into a shaft and drop 1 floor!
  4259 | D:6      | Reached skill level 8 in Unarmed Combat
  4282 | D:6      | Found Dier's Jewellery Shoppe.
  4322 | D:6      | Found a sparkling altar of Nemelex Xobeh.
  4323 | D:6      | Noticed Eustachio
  4333 | D:6      | Killed Eustachio
  4334 | D:6      | Reached XP level 9. HP: 85/85 MP: 8/8
  4739 | D:6      | Reached skill level 5 in Fighting
  5005 | D:7      | Reached skill level 5 in Dodging
  5005 | D:7      | Reached skill level 9 in Unarmed Combat
  5178 | D:7      | Reached **** piety under Trog
  5399 | D:7      | Found an ancient bone altar of Kikubaaqudgha.
  5399 | D:7      | Found a snail-covered altar of Cheibriados.
  5399 | D:7      | Found an opulent altar of Gozag.
  5400 | D:7      | Found a radiant altar of Vehumet.
  5403 | D:7      | Found an iron altar of Okawaru.
  5680 | D:7      | Found an ornate altar of the Wu Jian Council.
  5722 | D:8      | Noticed a troll
  5731 | D:8      | Killed a troll
  5732 | D:8      | Reached skill level 10 in Unarmed Combat
  5789 | D:8      | Reached skill level 5 in Armour
  5789 | D:8      | Reached XP level 10. HP: 56/96 MP: 9/9
  6272 | D:8      | Reached ***** piety under Trog
  6285 | D:8      | Found Heuraefe's Antique Weapon Shoppe.
  6293 | D:8      | Bought a bloodstained morningstar for 243 gold pieces
  6293 | D:8      | Identified the +2 morningstar of Severance {elec, rElec}
                  | (You bought it in a shop on level 8 of the Dungeon)
  6665 | D:9      | Reached skill level 1 in Maces & Flails
  6671 | D:9      | Found a stormy altar of Qazlal.
  6763 | D:9      | Found a white marble altar of Elyvilon.
  7034 | D:10     | Entered Level 10 of the Dungeon
  7034 | D:10     | Noticed Joseph
  7043 | D:10     | Killed Joseph
  7045 | D:10     | Found a glowing silver altar of Zin.
  7045 | D:10     | Noticed Grum
  7125 | D:10     | Killed Grum
  7141 | D:10     | Found a staircase to the Lair.
  7162 | D:10     | Noticed an eight-headed hydra
  7164 | D:10     | Noticed Fannar
  7168 | D:10     | Killed an eight-headed hydra
  7169 | D:10     | Found a sacrificial altar of Ru.
  7169 | D:10     | Found a hide-covered altar of Uskayaw.
  7174 | D:10     | Killed from afar by Fannar

Illustrated notes

Levels and vault maps discovered:
D:1:      dpeg_arrival_solitude, layout_loops_corners,
          hellmonk_ecumenical_altar_prayer_group, kennysheep_flooded_box,
          minmay_misc_feat_rows, kennysheep_minor_cross
D:2:      minmay_skewed_foursquare, layout_basic, serial_shops,
          nicolae_shop_behind_doors
D:3:      layout_loops_ring, dk_noncrumbling_4, corexii_item_surrounded_by_moat,
          grunt_decor_arrowhead, uniq_sigmund
D:4:      layout_loops_cross, serial_bayou_ford_a, minmay_misc_feat_encased
D:5:      layout_loops_cross, minmay_temple_entry_glass, uniq_ijyb
D:6:      layout_basic, nemelex_xobeh_ov_fountains_minmay, serial_shops, shop,
          uniq_prince_ribbit1, uniq_eustachio
D:7:      layout_basic, minitemple, pdpol_wu_jian_five_deadly_venoms,
          glass_columns_b
D:8:      layout_cave_pools, serial_shops, nicolae_stop_n_shop_1,
          chequers_serial_rivers_micro_a, minmay_stone_trees_large
D:9:      layout_basic, grunt_qazlal_clouds, elyvilon_altar_3
D:10:     minmay_bubble_buster, layout_irregular_city,
          chequers_temple_overflow_statue_of_worship,
          mainiacjoe_overflow_catwalk, lair_entry_dummy, uniq_fannar, uniq_grum,
          uniq_joseph, uniq_nergalle

Skill      XL: |  1  2  3  4  5  6  7  8  9 10 |
---------------+-------------------------------+-----
Armour         | 1 2 3 5 6 |  6.0
Fighting       | 3 4 5 6 |  6.5
Dodging        | 3 4 5 |  5.9
Unarmed Combat | 4 5 6 8 10 | 10.9
Stealth        | 1 |  1.7
Maces & Flails | 3 |  3.6

Action                   |  1- 3 |  4- 6 |  7- 9 | 10-12 || total
-------------------------+-------+-------+-------+-------++-------
Melee: Unarmed           |   111 |    79 |   326 |    88 ||   604
       Punch             |     1 |     2 |    11 |     6 ||    20
       Morningstar       |       |       |       |    80 ||    80
Invok: Berserk           |       |     4 |     8 |     4 ||    16
  Use: Scroll            |       |       |     6 |     6 ||    12
 Stab: Sleeping          |     1 |       |     2 |       ||     3
Armor: Animal skin       |    49 |    39 |    56 |       ||   144
       Acid dragon scale |       |       |    35 |    95 ||   130
Dodge: Dodged            |    53 |    40 |   150 |   155 ||   398

Table legend: (Time is in decaauts)
 A = Elapsed time spent in this place.
 B = Non-inter-level travel time spent in this place.
 C = Inter-level travel time spent in this place.
 D = Time resting spent in this place.
 E = Time spent auto-exploring this place.
 F = Levels seen in this place.
 G = Mean time per level.
                   A        B        C        D        E       F      G
               +--------+--------+--------+--------+--------+-----+--------+
         Total |   7280 |   7051 |    229 |    469 |   5169 |  10 |  728.0 |
       Dungeon |   7280 |   7051 |    229 |    469 |   5169 |  10 |  728.0 |
               +--------+--------+--------+--------+--------+-----+--------+

Top non-repeatable levels by time:
     D:4: 1082 daAuts
     D:1: 1021 daAuts
     D:6: 810 daAuts
     D:7: 798 daAuts
     D:8: 727 daAuts
     D:2: 718 daAuts
     D:3: 707 daAuts
     D:9: 654 daAuts
     D:5: 649 daAuts
    D:10: 110 daAuts
